 Dungeon Crawl Stone Soup version 0.29.1-1-gd02db6906a (webtiles) character file.

Game seed: 9990423016911401617

261 LabCoat the Chopper (level 6, -5/53 HPs)
             Began as a Hill Orc Fighter on Sept 26, 2022.
             Killed by divine providence
             ... invoked by an orc priest
              (12 damage)
             ... on level 3 of the Dungeon.
             The game lasted 00:06:26 (2565 turns).

LabCoat the Chopper (Hill Orc Fighter)              Turns: 2565, Time: 00:06:26

Health: -5/53      AC:  8    Str: 27    XL:     6   Next: 18%
Magic:  6/6        EV:  6    Int:  8    God:
Gold:   191        SH:  0    Dex: 10    Spells: 5/5 levels left

rFire   . . .      SeeInvis .   a - +0 war axe
rCold   . . .      Faith    .   e - +0 tower shield
rNeg    . . .      Spirit   .   b - +0 scale mail
rPois   .          Reflect  .   (no helmet)
rElec   .          Harm     .   (no cloak)
rCorr   .          Rampage  .   h - +0 pair of gloves
Will    .....                   (no boots)
Stlth   ..........              (no amulet)
HPRegen 0.17/turn               k - +6 ring of strength
MPRegen 0.10/turn               (no ring)

@: confused, mighty, hasted, very quick
A: no striking features
a: Convert to Beogh


You were on level 3 of the Dungeon.
You visited 1 branch of the dungeon, and saw 3 of its levels.

You collected 191 gold pieces.

Inventory:

Hand Weapons
 a - a +0 war axe (weapon)
 o - a +0 morningstar
Missiles
 i - 5 poisoned darts (quivered)
 m - 6 boomerangs
Armour
 b - a +0 scale mail (worn)
 e - a +0 tower shield (worn)
 h - a +0 pair of gloves (worn)
Jewellery
 k - a +6 ring of strength (left hand)
Scrolls
 c - a scroll of identify
 j - 2 scrolls of teleportation
 n - a scroll of fear
Potions
 d - 2 potions of might
 f - 6 potions of curing
 g - a potion of lignification


   Skills:
 + Level 4.5 Fighting
 * Level 5.1 Axes
 + Level 1.6 Throwing
 + Level 4.0 Armour
 + Level 4.1 Shields
 + Level 1.7 Evocations


You had 5 spell levels left.
You didn't know any spells.
Your spell library contained the following spells:

 Spells                   Type           Power      Damage    Failure   Level
 Ensorcelled Hibernation  Hex/Ice        0%         N/A       100%        2
 Spider Form              Tmut/Pois      0%         N/A       100%        3
 Anguish                  Hex/Necr       0%         N/A       100%        4


Dungeon Overview and Level Annotations

Branches:
Dungeon (3/15)

Altars:


Message History

Something hits you but does no damage.
The orc priest hits you but does no damage.
The orc priest hits you with a +0 whip. Something hits you.
The orc priest shouts, "Join the one true god or die!"
The orc priest threatens, "By the altar or by the axe, you will meet Beogh!"
You hit the orc priest.
The orc priest is moderately wounded.
You miss something.
The orc priest mumbles some strange prayers to Beogh against you.
Beogh smites you!
You hear some strange, mumbled words.
You are more confused.
Something hits you.
The orc priest hits you but does no damage.
You feel very mighty all of a sudden.
The orc priest shouts, "Beogh is our master!
Accept the truth or die!"
The orc priest hits you with a +0 whip.
* * * LOW HITPOINT WARNING * * *
Something hits you but does no damage.
You miss the orc priest.
The orc priest shouts, "Beogh is our master!
Accept the truth or die!"
The orc priest is moderately wounded.
You miss something.
The orc priest miscasts a cantrip.
Something completely misses you.
You bump into the rock wall.
The orc priest calls down the wrath of Beogh upon you.
Pain shoots through your body!
* * * LOW HITPOINT WARNING * * *
Something hits you but does no damage.
You feel yourself speed up. Something completely misses you.
The orc priest shouts, "Beogh is our master!
Accept the truth or die!"
The orc priest hits you with a +0 whip.
* * * LOW HITPOINT WARNING * * *
You bump into the rock wall.
Something hits you.
* * * LOW HITPOINT WARNING * * *
The orc priest barely misses you.
The orc priest mumbles some strange prayers to Beogh against you.
Beogh smites you!
You die...

#.# #....## #.#.#
#....## #.#<.
####### #.#.### #
#.#... # #
#.#..##.# #.....#.#
#.#.#...#
#.@.#.#############
#..)#..............
###o###############
... .(.#. #####.# #


You could see an orc priest.

Vanquished Creatures
  A water moccasin (D:3)
  An iguana (D:3)
  4 gnolls (D:2)
  4 adders
  5 worms
  A dart slug (D:2)
  An orc (D:3)
  3 endoplasms (D:2)
  3 giant cockroaches
  A goblin (D:1)
  4 hobgoblins
  A quokka (D:1)
  2 ball pythons (D:3)
  5 bats
  3 frilled lizards
  3 kobolds
  4 rats
46 creatures vanquished.

Notes
Turn   | Place    | Note
-------+----------+-------------------------------------------
     0 | D:1      | LabCoat the Hill Orc Fighter began the quest for the Orb.
     0 | D:1      | Reached XP level 1. HP: 19/19 MP: 1/1
   225 | D:1      | Found a faded altar of an unknown god.
   441 | D:1      | Reached skill level 3 in Axes
   441 | D:1      | Reached XP level 2. HP: 27/27 MP: 2/2
   907 | D:2      | Reached XP level 3. HP: 11/33 MP: 3/3
  1187 | D:2      | Reached skill level 1 in Evocations
  1187 | D:2      | Reached XP level 4. HP: 31/40 MP: 4/4
  1428 | D:2      | Reached skill level 1 in Throwing
  1536 | D:2      | Reached skill level 4 in Axes
  1887 | D:3      | Reached XP level 5. HP: 28/46 MP: 5/5
  2336 | D:3      | Noticed a water moccasin
  2345 | D:3      | Killed a water moccasin
  2346 | D:3      | Reached skill level 5 in Axes
  2346 | D:3      | Reached XP level 6. HP: 38/53 MP: 6/6
  2565 | D:3      | Killed from afar by an orc priest

Illustrated notes

Levels and vault maps discovered:
D:1:      wander_arrival_peaceful_grave, layout_basic,
          hellmonk_ecumenical_altar_run_dry, minmay_crystal_room
D:2:      layout_basic, grunt_ministairs_7
D:3:      minmay_general_purpose_star, layout_basic

Skill      XL: |  1  2  3  4  5 |
---------------+----------------+-----
Axes           | 3 4 5 |  5.1
Fighting       | 4 |  4.5
Evocations     | 1 |  1.7
Throwing       | 1 |  1.6
Armour         | 4 |  4.0
Shields        | 4 |  4.1

Action                   |  1- 3 |  4- 6 || total
-------------------------+-------+-------++-------
Melee: War axe           |    63 |    88 ||   151
Throw: Dart              |       |    13 ||    13
  Use: Scroll            |     2 |     4 ||     6
       Potion            |       |     3 ||     3
Armor: Scale mail        |    29 |    41 ||    70
Dodge: Dodged            |    39 |    26 ||    65
Block: Buckler           |    14 |       ||    14
       Tower shield      |       |    57 ||    57
